 Dungeon Crawl Stone Soup version 0.23.2-1-ga50397a (webtiles) character file.

Game seed: 12904410271950293757

56 IBeShadow the Firebug (level 3, -6/19 HPs)
             Began as a Deep Elf Fire Elementalist on May 30, 2019.
             Mangled by an ogre
             ... wielding a +0 giant club
              (18 damage)
             ... on level 2 of the Dungeon.
             The game lasted 00:02:24 (1956 turns).

IBeShadow the Firebug (Deep Elf Fire Elementalist)  Turns: 1956, Time: 00:02:25

Health: -6/19      AC:  3    Str:  5    XL:     3   Next: 71%
Magic:  2/9        EV: 13    Int: 20    God:
Gold:   130        SH:  0    Dex: 15    Spells: 5/8 levels left

rFire    . . .     SeeInvis .   n - +0 dagger (venom)
rCold    . . .     Gourm    .   (no shield)
rNeg     . . .     Faith    .   a - +0 robe
rPois    .         Spirit   .   (no helmet)
rElec    .         Reflect  .   (no cloak)
rCorr    .         Harm     .   m - +0 pair of gloves
MR       .....                  (no boots)
Stlth    ++........             (no amulet)
HPRegen  0.06/turn              (no ring)
MPRegen  0.11/turn              (no ring)

@: no status effects
A: no striking features
a: no special abilities


You were on level 2 of the Dungeon.
You were not hungry.

You visited 1 branch of the dungeon, and saw 2 of its levels.

You collected 130 gold pieces.

Inventory:

Hand Weapons
 n - a +0 dagger of venom (weapon)
Armour
 a - a +0 robe (worn)
 m - a +0 pair of gloves (worn)
Scrolls
 b - a scroll of fog {unknown}
 f - a scroll of teleportation {unknown}
 g - a scroll of remove curse {unknown}
 j - 2 scrolls of identify {unknown}
 k - a scroll of magic mapping {unknown}
 l - a scroll of enchant weapon {unknown}
 p - a scroll of noise {unknown}
Potions
 d - a potion of magic {unknown}
 e - a potion of haste {unknown}
 h - a potion of ambrosia {unknown}
 i - a potion of heal wounds {unknown}
Comestibles
 c - 8 rations
 o - 3 chunks of flesh


   Skills:
 - Level 2.4 Dodging
 - Level 2.4 Stealth
 - Level 3.0 Spellcasting
 + Level 2.9 Conjurations
 + Level 4.3 Fire Magic


You had 5 spell levels left.
You knew the following spells:

 Your Spells              Type           Power        Failure   Level  Hunger
a - Flame Tongue          Conj/Fire      ###..        3%          1    None
b - Throw Flame           Conj/Fire      ###...       4%          2    ##.....

Your spell library contained the following spells:

 Spells                   Type           Power        Failure   Level  Hunger
 Conjure Flame            Conj/Fire      ###.....     10%         3    ###....
 Inner Flame              Hex/Fire       ##......     17%         3    ###....
 Sticky Flame             Conj/Fire      ###.....     32%         4    ####...
 Fireball                 Conj/Fire      ###.......   65%         5    ######.


Dungeon Overview and Level Annotations

Branches:
Dungeon (2/15)

Altars:
Fedhas


Message History

Aiming: Flame Tongue (safe; 3% risk of failure)
Press: ? - help, Shift-Dir - straight line, f/p - ogre
Aim: an ogre, wielding a +0 giant club (moderately wounded)
The flame tongue hits the ogre.
The ogre is moderately wounded.
You hit the ogre.
The ogre is poisoned.
The ogre is moderately wounded.
The ogre hits you with a +0 giant club!
Unknown command.
The ogre looks more healthy.
Casting: Flame Tongue (safe; 3% risk of failure)
Confirm with . or Enter, or press ? or * to list all spells.
Aiming: Flame Tongue (safe; 3% risk of failure)
Press: ? - help, Shift-Dir - straight line, f/p - ogre
Aim: an ogre, wielding a +0 giant club (heavily wounded)
The flame tongue hits the ogre!
The ogre is almost dead.
The ogre hits you with a +0 giant club!!
Ouch! That really hurt!
You die...

#.# #.# #######.#
#.......###
###.##....# #.#
#.##.##.# #.#
#.......########.####
####.#..†............
#@#...............
#O#...............
#.................
###...............
#...............
#.........÷.....
##########......
#...... #......


You could see an ogre.

Vanquished Creatures
  3 adders (D:2)
  4 leopard geckos
  A ball python (D:2)
  2 giant cockroaches
  5 goblins (D:1)
  2 hobgoblins
  A bat (D:1)
  3 frilled lizards
  3 kobolds
  3 rats
27 creatures vanquished.

Notes
Turn   | Place    | Note
-------+----------+-------------------------------------------
     0 | D:1      | IBeShadow the Deep Elf Fire Elementalist began the quest
                  | for the Orb.
     0 | D:1      | Reached XP level 1. HP: 10/10 MP: 6/6
   314 | D:1      | Reached XP level 2. HP: 15/15 MP: 1/8
   530 | D:1      | Learned a level 2 spell: Throw Flame
  1288 | D:2      | Reached skill level 4 in Fire Magic
  1288 | D:2      | Reached XP level 3. HP: 19/19 MP: 5/9
  1419 | D:2      | Found a blossoming altar of Fedhas.
  1932 | D:2      | Noticed an ogre
  1956 | D:2      | Mangled by an ogre

Skill      XL: |  1  2 |
---------------+-------+-----
Conjurations   | 2 |  2.9
Fire Magic     | 4 |  4.3
Dodging        | |  2.4
Stealth        | |  2.4
Spellcasting   | |  3.0

Action                   || total
-------------------------++-------
Melee: Unarmed           ||     9
       Dagger            ||    21
 Cast: Flame Tongue      ||    25
       Throw Flame       ||    16
 Stab: Sleeping          ||     2
  Eat: Chunk             ||     4
Dodge: Dodged            ||    29
